 Dungeon Crawl Stone Soup version 0.19-a0-1049-g462a813 (webtiles) character file.

3453 junb69 the Cruncher (level 9, 0/77 HPs)
             Began as a Demonspawn Gladiator on July 31, 2016.
             Was an Initiate of Ashenzari.
             Succumbed to a killer bee's poison
             ... on level 7 of the Dungeon.
             The game lasted 00:26:59 (9416 turns).

junb69 the Cruncher (Demonspawn Gladiator)          Turns: 9416, Time: 00:27:00

Health: 0/77       AC: 10    Str: 18    XL:     9   Next: 78%
Magic:  9/9        EV: 12    Int: 10    God:    Ashenzari [......]
Gold:   395        SH:  0    Dex: 17    Spells: 0 memorised, 8 levels left

rFire  + . .     SeeInvis .     a - +1 quarterstaff
rCold  . . .     Gourm    .     l - +0 ring mail
rNeg   . . .     Faith    .     (shield currently unavailable)
rPois  .         Spirit   .     c - +0 helmet
rElec  .         Dismiss  .     i - +0 cloak (curse)
rCorr  .         Reflect  .     (no gloves)
SustAt .         Harm     .     o - +0 pair of boots (curse)
MR     .....     Rnd*Rage +     G - amulet of regeneration
Stlth  +.........               n - ring of protection from fire
                                t - +3 ring of dexterity

@: lethally poisoned (0 -> -20), very slightly contaminated, hasted, very quick,
not resistant to hostile enchantments, very unstealthy
A: claws 2, slimy green scales 1, berserk 1
a: Curse Item, Renounce Religion


You were on level 7 of the Dungeon.
You worshipped Ashenzari.
Ashenzari was noncommittal.
You were not hungry.

You visited 2 branches of the dungeon, and saw 9 of its levels.

You collected 395 gold pieces.

Inventory:

Hand Weapons
 a - a +1 quarterstaff (weapon)
Missiles
 j - 7 curare-tipped needles
 p - 8 javelins
 v - 41 poisoned needles
 K - 2 throwing nets (quivered)
Armour
 c - a +0 helmet (worn)
 i - a cursed +0 cloak (worn)
 l - a +0 ring mail (worn)
 o - a cursed +0 pair of boots (worn)
Jewellery
 n - a ring of protection from fire (right claw)
 t - a +3 ring of dexterity (left claw)
 y - an uncursed amulet of dismissal
 G - an amulet of regeneration (around neck)
Wands
 k - a wand of slowing (28/48)
Scrolls
 d - a scroll of amnesia
 e - a scroll of fog {unknown}
 h - 2 scrolls of teleportation
 E - a scroll of identify
Potions
 q - 3 potions of lignification {unknown}
 r - 4 potions of flight
 w - a potion of berserk rage {unknown}
 z - a potion of brilliance {unknown}
 A - 3 potions of resistance {unknown}
 B - a potion of ambrosia {unknown}
 H - 2 potions of cancellation
Comestibles
 f - 8 bread rations
 g - 2 fruits
 s - 2 royal jellies
 u - 2 slices of pizza
 C - 2 meat rations
 D - 6 beef jerkies


   Skills:
 * Level 9.5 Fighting
 - Level 10.0 Staves
 - Level 1.7 Throwing
 - Level 2.6 Dodging


You had 8 spell levels left.
You didn't know any spells.

Dungeon Overview and Level Annotations

Branches:
Dungeon (8/15)             Temple (1/1) D:7
   Lair: D:8-11

Altars:
Ashenzari
Cheibriados
Dithmenos
Elyvilon
Fedhas
Kikubaaqudgha
Makhleb
Nemelex Xobeh
Okawaru
Pakellas
Qazlal
Ru
Sif Muna
Trog
Uskayaw
Vehumet
Xom
Yredelemnul
The Shining One


Innate Abilities, Weirdness & Mutations

You have very sharp fingernails.
You are partially covered in slimy green scales. (AC +2)
You tend to lose your temper in combat.


Message History

The killer bee stings you but does no damage.
Your ring mail prevents you from hitting the killer bee.
The killer bee is severely wounded.
* * * LOW HITPOINT WARNING * * *
You feel sick. The killer bee barely misses you.
You hit the killer bee but do no damage.
The killer bee is severely wounded.
* * * LOW HITPOINT WARNING * * *
You feel sick. The killer bee stings you.
* * * LOW HITPOINT WARNING * * *
You are more poisoned.
The killer bee poisons you!
You closely miss the killer bee.
The killer bee is severely wounded.
* * * LOW HITPOINT WARNING * * *
You feel sick. The killer bee stings you.
* * * LOW HITPOINT WARNING * * *
You thump the killer bee!
You kill the killer bee!
You die...

############.#################
.....#######.....#...........#
..##.##...######.#...........#
#.##......# #.#...........#
..####....# #.#...........#
..# #....######.#...........#
..# ##)..........#...........#
..###....#########...........#
..........<.)...@†l...>......#
..#.#....#....################
#.#.#....#......#######
....#....#....#.#.....#
#...#....#....#.#'###.#####
#..##......#..#...........#
#..#####....%.............#
#..[...<..................#
##..###...........#########


You could see an iguana.

Vanquished Creatures
  Pikel (D:7)
  Grinder (D:3)
  Sigmund (D:2)
  Duvessa (D:6)
  4 slaves (D:6)
  2 ice beasts
  The ghost of BattleRest the Skirmisher, an amateur MiFi (D:3)
  3 ogres
  2 sky beasts
  A phantom (D:8)
  A centaur (D:7)
  4 giant frogs
  Dowan (D:6)
  2 scorpions
  6 killer bees (D:7)
  A crimson imp (D:5)
  2 centaur zombies
  A giant frog zombie (D:8)
  3 centaur skeletons
  3 hounds
  A jelly (D:6)
  An orc priest (D:7)
  2 giant frog skeletons
  7 orc wizards
  3 iguanas (D:5)
  A worker ant (D:5)
  A hound zombie (D:6)
  A worker ant zombie (D:8)
  8 adders
  8 gnolls
  A howler monkey skeleton (D:6)
  An adder zombie (D:6)
  2 adder skeletons
  4 worms
  5 dart slugs
  7 giant geckos
  19 orcs
  4 ball pythons
  8 giant cockroaches
  4 hobgoblins
  13 jackals
  7 kobolds
  3 quokkas
  9 bats
  12 giant newts
  5 goblins
  13 rats
191 creatures vanquished.

Vanquished Creatures (others)
  A hippogriff (D:3)
  2 howler monkeys (D:4)
  A hound (D:4)
  An iguana (D:4)
  2 quokkas (D:4)
7 creatures vanquished.

Grand Total: 198 creatures vanquished

Notes
Turn   | Place    | Note
-------+----------+-------------------------------------------
     0 | D:1      | junb69 the Demonspawn Gladiator began the quest for the Orb.
     0 | D:1      | Reached XP level 1. HP: 16/16 MP: 1/1
   133 | D:1      | Reached skill level 3 in Staves
   156 | D:1      | Gained mutation: You have sharp fingernails. [demonic ancestry]
   156 | D:1      | Reached XP level 2. HP: 15/22 MP: 2/2
   700 | D:1      | Reached XP level 3. HP: 27/27 MP: 3/3
   769 | D:2      | Found a faded altar of an unknown god.
   855 | D:2      | Reached skill level 4 in Staves
  1259 | D:2      | Gained mutation: You are partially covered in slimy green scales. (AC +2) [demonic ancestry]
  1259 | D:2      | Reached XP level 4. HP: 20/33 MP: 4/4
  1538 | D:2      | Noticed Sigmund
  1895 | D:2      | Reached skill level 5 in Staves
  2466 | D:3      | Noticed BattleRest's ghost (amateur MiFi)
  2565 | D:2      | Reached XP level 5. HP: 37/38 MP: 5/5
  3048 | D:3      | Noticed Grinder
  3048 | D:3      | Paralysed by Grinder for 4 turns
  3082 | D:3      | Killed Grinder
  3082 | D:3      | Reached skill level 6 in Staves
  3082 | D:3      | Gained mutation: You have very sharp fingernails. [demonic ancestry]
  3082 | D:3      | Reached XP level 6. HP: 15/44 MP: 6/6
  3647 | D:3      | Killed BattleRest's ghost
  3647 | D:3      | Reached skill level 7 in Staves
  3875 | D:3      | Found an oddly glowing altar of Pakellas.
  3875 | D:3      | Noticed an orange crystal statue
  3877 | D:3      | Noticed a hippogriff
  3886 | D:3      | Killed a hippogriff
  4092 | D:3      | Found a stormy altar of Qazlal.
  4512 | D:2      | Killed Sigmund
  4512 | D:2      | Reached XP level 7. HP: 46/50 MP: 7/7
  4585 | D:4      | Reached skill level 8 in Staves
  5466 | D:4      | Found an iron altar of Okawaru.
  5469 | D:4      | Found a radiant altar of Vehumet.
  5472 | D:4      | Found a sparkling altar of Nemelex Xobeh.
  5534 | D:4      | Found a shimmering altar of Xom.
  5585 | D:5      | Entered Level 5 of the Dungeon
  5609 | D:5      | Reached skill level 9 in Staves
  5609 | D:5      | Reached XP level 8. HP: 42/56 MP: 8/8
  5808 | D:5      | Found a bloodstained altar of Trog.
  6676 | D:6      | Noticed Duvessa
  6676 | D:6      | Noticed Dowan
  6837 | D:6      | Reached skill level 10 in Staves
  7008 | D:6      | Found a glowing golden altar of the Shining One.
  7324 | D:6      | Killed Duvessa
  7324 | D:6      | Reached skill level 5 in Fighting
  7344 | D:6      | Killed Dowan
  7842 | D:7      | Found a staircase to the Ecumenical Temple.
  7854 | Temple   | Entered the Ecumenical Temple
  8011 | Temple   | Became a worshipper of Ashenzari the Shackled
  8058 | D:7      | Reached XP level 9. HP: 64/69 MP: 9/9
  8109 | D:7      | Found an ancient bone altar of Kikubaaqudgha.
  8517 | D:7      | Noticed Pikel
  8739 | D:7      | Killed Pikel
  9003 | D:8      | Gained mutation: You tend to lose your temper in combat. [mutagenic meat]
  9415 | D:7      | HP: 2/77 [killer bee (6)]
  9416 | D:7      | Succumbed to a killer bee's poison

Vault maps used:
D:1:      ncdulo_lavacross
D:2:      ecumenical_altar_2, uniq_sigmund
D:3:      lemuel_round_altar, gammafunk_pakellas_statue_experiment, uniq_grinder
D:4:      grunt_temple_overflow_diamond, serial_curves, eino_curves_03,
          eino_curves_02, xom_confusion_cloud
D:5:      bloody_trog, first_bread, grunt_decor_mini_mirrors
D:6:      interstate_on_off, tso_metal_star, uniq_duvessa
D:7:      kiku_gazebo_pond_becter, grunt_ogre_cave, grunt_tough_drop, uniq_pikel
D:8:      led_sif_pool
Temple:   nicolae_temple_figure_eight

Skill      XL: |  1  2  3  4  5  6  7  8  9 |
---------------+----------------------------+-----
Staves         | 3 4 5 6 7 9 10 | 10.0
Fighting       | 5 9 |  9.5
Throwing       | |  1.7
Dodging        | |  2.6

Action                   |  1- 3 |  4- 6 |  7- 9 || total
-------------------------+-------+-------+-------++-------
Melee: Quarterstaff      |   151 |   232 |   533 ||   916
Throw: Javelin           |       |     8 |    14 ||    22
       Throwing net      |       |     5 |     6 ||    11
Invok: Curse Item        |       |       |     2 ||     2
  Use: Scroll            |       |     7 |     9 ||    16
       Potion            |       |     4 |     3 ||     7
 Stab: Sleeping          |     1 |     2 |       ||     3
       Invisible         |       |     1 |       ||     1
  Eat: Chunk             |     1 |    10 |    13 ||    24
       Fruit             |       |     2 |     4 ||     6
       Beef jerky        |       |       |     1 ||     1
Armor: Leather armour    |    81 |    31 |       ||   112
       Ring mail         |       |    39 |   166 ||   205
Dodge: Dodged            |   112 |   138 |   261 ||   511
